 Dungeon Crawl Stone Soup version 0.31-a0-182-gc5ef74bbde (webtiles) character file.

Game seed: 17304600933960328350

86 2FriedEggs the Vexing (level 4, 0/21 HPs)
             Began as a Spriggan Hexslinger on June 20, 2023.
             Succumbed to an adder's poison
             ... on level 2 of the Dungeon.
             The game lasted 00:09:13 (1339 turns).

2FriedEggs the Vexing (Spriggan Hexslinger)         Turns: 1339, Time: 00:09:14

Health: 0/21       AC:  2    Str:  4    XL:     4   Next: 27%
Magic:  4/7        EV: 17    Int: 14    God:
Gold:   28         SH:  0    Dex: 19    Spells: 4/5 levels left

rFire   . . .        a - +1 sling
rCold   . . .        (no shield)
rNeg    . . .        c - +0 robe
rPois   .            (helmet restricted)
rElec   .            (no cloak)
rCorr   .            (gloves unavailable)
SInv    +            (boots unavailable)
Will    .....        (no amulet)
Stlth   ++           (no ring)
HPRegen 0.23/turn    (no ring)
MPRegen 0.10/turn

%: no passive effects
@: lethally poisoned (0 -> -5), very quick
A: very small, no large weapons, unfitting armour, see invisible, speed 3
a: no special abilities


You were on level 2 of the Dungeon.
You visited 1 branch of the dungeon, and saw 2 of its levels.

You collected 28 gold pieces.

Inventory:

Hand Weapons
 a - a +1 sling (weapon)
Armour
 c - a +0 robe (worn)
Scrolls
 b - 3 scrolls of poison
 d - a scroll of identify
Potions
 e - a potion of brilliance
 f - a potion of haste


   Skills:
 - Level 0.7 Fighting
 * Level 3.9 Ranged Weapons
 - Level 2.6 Dodging
 - Level 1.3 Spellcasting
 + Level 4.6 Hexes


You had 4 spell levels left.
You knew the following spells:

 Your Spells              Type           Power      Damage    Failure   Level
a - Slow                  Hex            52%        N/A       3%          1

Your spell library contained the following spells:

 Spells                   Type           Power      Damage    Failure   Level
 Inner Flame              Hex/Fire       7%         N/A       30%         3
 Portal Projectile        Hex/Tloc       14%        N/A       30%         3
 Cause Fear               Hex            6%         N/A       36%         4


Dungeon Overview and Level Annotations

Branches:
Dungeon (2/15)

Altars:
Ru

Shops:
D:2 =


Innate Abilities, Weirdness & Mutations

You are very small and have problems with some larger weapons.
You are too small for most types of armour.
You have supernaturally acute eyesight. (SInv)
You cover ground extremely quickly. (Speed+++)


Message History

You are too injured to fight recklessly!
You feel sick.
You feel sick.
You feel sick.
You feel sick.
Fire: a) +1 sling
Press: ? - help, Q - select action, (/) - cycle Shift-Dir - straight line, f - adder
Aim: an adder (heavily wounded, slow, 42% to hit)
You shoot a sling bullet. The sling bullet hits the adder.
The adder is almost dead.
You feel sick.
Fire: a) +1 sling
Press: ? - help, Q - select action, (/) - cycle Shift-Dir - straight line, f/p - adder
Aim: an adder (almost dead, slow, 42% to hit)
You shoot a sling bullet.
The sling bullet hits the adder but does no damage.
The adder is almost dead.
You feel sick.
You are no longer poisoned.
The adder is no longer moving slowly.
Fire: a) +1 sling
Press: ? - help, Q - select action, (/) - cycle Shift-Dir - straight line, f/p - adder
Aim: an adder (almost dead, 42% to hit)
You shoot a sling bullet.
The sling bullet barely misses the adder.
Unknown command.
Fire: a) +1 sling
Press: ? - help, Q - select action, (/) - cycle Shift-Dir - straight line, f/p - adder
Aim: an adder (almost dead, 42% to hit)
You shoot a sling bullet. The sling bullet misses the adder.
The adder bites you.
* * * LOW HITPOINT WARNING * * *
The adder bites you.
* * * LOW HITPOINT WARNING * * *
You are lethally poisoned!
The adder poisons you!
Okay, then.
* * * LOW HITPOINT WARNING * * *
You feel sick.
You die...

#.#..#.# #.# #.# #.#.##.#
#.# #.# #.#.##.# ##.## #.#
#.#.##.######...## #.#
#................# #.#
###.###.....#.S.## #.#
#.........#..###########.#
##........#<.###.........#
#..........@....#########
##.._..####..#####
##......####..#
#.............#
##.###.#######.#
#.........# #.#
#.######.∩# #.# ##.# #.#
#####.####.##


You could see an adder.

Vanquished Creatures
  4 adders (D:2)
  3 dart slugs
  A worm (D:2)
  3 endoplasms (D:1)
  A giant cockroach (D:1)
  3 goblins (D:2)
  4 hobgoblins
  2 kobolds (D:1)
  3 quokkas
  6 ball pythons
  7 bats
  2 frilled lizards (D:1)
  4 rats (D:1)
43 creatures vanquished.

Notes
Turn   | Place    | Note
-------+----------+-------------------------------------------
     0 | D:1      | 2FriedEggs the Spriggan Hexslinger began the quest for the
                  | Orb.
     0 | D:1      | Reached XP level 1. HP: 9/9 MP: 3/3
   175 | D:1      | Reached XP level 2. HP: 14/14 MP: 5/5
   253 | D:1      | Reached skill level 4 in Hexes
   685 | D:1      | Reached XP level 3. HP: 17/17 MP: 6/6
   724 | D:2      | Noticed Jessica
   879 | D:2      | Found a faded altar of an unknown god.
  1051 | D:2      | Reached XP level 4. HP: 21/21 MP: 4/7
  1100 | D:2      | Found Ezxic's Jewellery Shoppe.
  1106 | D:2      | Found a sacrificial altar of Ru.
  1337 | D:2      | HP: 1/21 [poisoned by an adder]
  1339 | D:2      | Succumbed to an adder's poison

Illustrated notes

Levels and vault maps discovered:
D:1:      minmay_arrival_open_corners, layout_loops_ring, serial_glass,
          glass_columns_c, glass_columns_a, glass_columns_a, glass_columns_c
D:2:      layout_loops_corners, nicolae_ecumenical_snake_handling, serial_shops,
          shop, basic_altar, uniq_jessica

Skill      XL: |  1  2 |
---------------+-------+-----
Hexes          | 4 |  4.6
Ranged Weapons | 3 |  3.9
Fighting       | |  0.7
Dodging        | |  2.6
Spellcasting   | |  1.3

Action                     |  1- 3 |  4- 6 || total
---------------------------+-------+-------++-------
   Fire: Sling             |   114 |    33 ||   147
   Cast: Slow              |    27 |     7 ||    34
    Use: Scroll            |       |     2 ||     2
 Armour: Robe              |     5 |     3 ||     8
  Dodge: Dodged            |    48 |    15 ||    63

Table legend: (Time is in decaauts)
 A = Elapsed time spent in this place.
 B = Non-inter-level travel time spent in this place.
 C = Inter-level travel time spent in this place.
 D = Time resting spent in this place.
 E = Time spent auto-exploring this place.
 F = Levels seen in this place.
 G = Mean time per level.
                   A        B        C        D        E       F      G
               +--------+--------+--------+--------+--------+-----+--------+
         Total |   1030 |   1016 |     14 |    115 |    574 |   2 |  515.0 |
       Dungeon |   1030 |   1016 |     14 |    115 |    574 |   2 |  515.0 |
               +--------+--------+--------+--------+--------+-----+--------+

Top non-repeatable levels by time:
     D:1: 594 daAuts
     D:2: 435 daAuts
